 Dungeon Crawl Stone Soup version 0.19.0-19-g8c6edcc (webtiles) character file.

130 Melicamp the Ruffian (level 4, -5/44 HPs)
             Began as a Troll Transmuter on Nov 12, 2016.
             Slain by a gnoll
             ... wielding a +0 halberd
              (10 damage)
             ... on level 3 of the Dungeon.
             The game lasted 00:10:00 (2287 turns).

Melicamp the Ruffian (Troll Transmuter)             Turns: 2287, Time: 00:10:02

Health: -5/44      AC:  3    Str: 18    XL:     4   Next: 89%
Magic:  13/13      EV: 10    Int: 10    God:
Gold:   148        SH:  0    Dex: 10    Spells: 1 memorised, 4 levels left

rFire  . . .     SeeInvis .       - Unarmed
rCold  . . .     Gourm    +     (armour restricted)
rNeg   . . .     Faith    .     (no shield)
rPois  .         Spirit   .     (helmet restricted)
rElec  .         Reflect  .     (no cloak)
rCorr  +         Harm     .     (gloves unavailable)
MR     .....                    (boots unavailable)
Stlth  +.........               (no amulet)
                                l - ring of resist corrosion
                                e - ring of magical power

@: no status effects
A: unfitting armour, claws 3, fast metabolism 3, gourmand, regeneration 1,
shaggy fur 1, tough skin 2
a: no special abilities


You were on level 3 of the Dungeon.
You were completely stuffed.

You visited 1 branch of the dungeon, and saw 3 of its levels.

You collected 148 gold pieces.

Inventory:

Missiles
 m - 14 arrows
Jewellery
 e - a ring of magical power (left claw)
 f - an uncursed amulet of guardian spirit
 l - a ring of resist corrosion (right claw)
 p - an uncursed ring of resist corrosion
Scrolls
 g - a scroll of enchant weapon
 i - a scroll of enchant armour
 j - a scroll of teleportation
 k - a scroll of remove curse
 n - 3 scrolls of identify
 r - 3 scrolls of fog
 s - a scroll of magic mapping {unknown}
Potions
 h - a potion of magic
 o - a potion of curing {unknown}
 q - 2 potions of agility {unknown}
 t - a potion of might {unknown}
Books
 c - a book of Changes

   Spells                             Type                      Level
   a - Beastly Appendage              Transmutation                1
   b - Sticks to Snakes               Transmutation                2
   c - Spider Form                    Transmutation/Poison         3
   d - Ice Form                       Ice/Transmutation            4
   e - Blade Hands                    Transmutation                5
Comestibles
 a - 4 meat rations
 b - 4 chunks of flesh
 d - 3 bread rations


   Skills:
 + Level 2.6 Fighting
 - Level 1.5 Dodging
 + Level 4.6 Unarmed Combat
 - Level 1.2 Spellcasting
 - Level 1.3 Transmutations


You had 4 spell levels left.
You knew the following spells:

 Your Spells              Type           Power        Failure   Level  Hunger
a - Beastly Appendage     Tmut           #.....       21%         1    ##.....


Dungeon Overview and Level Annotations

Branches:
Dungeon (3/15)

Altars:


Innate Abilities, Weirdness & Mutations

You are too large for most types of armour.
You have claws for hands.
Your metabolism is lightning-fast.
You like to eat raw meat.
Your natural rate of healing is unusually fast.
You are covered in fur. (AC +1)
You have very tough skin. (AC +2)


Message History

You scratch the gnoll but do no damage.
The gnoll hits you from afar with a halberd!
You scratch the gnoll. Your headbutt misses the gnoll.
The gnoll is lightly wounded.
The gnoll hits you with a whip!
* * * LOW HITPOINT WARNING * * *
The gnoll closely misses you.
You completely miss the gnoll.
The gnoll is lightly wounded.
Your horns disappear.
The gnoll hits you with a whip.
* * * LOW HITPOINT WARNING * * *
The gnoll closely misses you.
You scratch the gnoll.
The gnoll is heavily wounded.
The gnoll closely misses you.
You claw the gnoll!
You kill the gnoll!
The gnoll hits you from afar with a halberd!
You die...

.## #.###.##
## #.# #.# #
####.###.#
#........#####
#.#####......#
# ####.#
#.####.# .##
#....# #..#
#.# ...##
.....# #..#
#.##...(.#
#.##.#####..#
#.@)g....#
#[##........#
####.###.#
#.##.##.###.#
.. #....##.#
.# #..##...# #
#..##.###
#..##.#
#..##.#####.
#...........#


You could see a gnoll.

Vanquished Creatures
  2 gnolls (D:3)
  4 adders (D:2)
  2 oozes (D:1)
  2 worms (D:2)
  A dart slug (D:3)
  2 leopard geckos
  An orc (D:1)
  3 bats
  5 giant cockroaches
  14 goblins
  3 hobgoblins
  4 kobolds
  A quokka (D:2)
  A ball python (D:1)
  5 frilled lizards
  9 rats
  5 plants (D:1)
64 creatures vanquished.

Notes
Turn   | Place    | Note
-------+----------+-------------------------------------------
     0 | D:1      | Melicamp the Troll Transmuter began the quest for the Orb.
     0 | D:1      | Reached XP level 1. HP: 18/18 MP: 1/1
    67 | D:1      | Reached skill level 1 in Fighting
    98 | D:1      | Reached XP level 2. HP: 25/27 MP: 2/2
   880 | D:1      | Reached XP level 3. HP: 29/35 MP: 1/3
  1421 | D:2      | Reached skill level 4 in Unarmed Combat
  1473 | D:2      | Reached XP level 4. HP: 42/42 MP: 4/4
  2287 | D:3      | Slain by a gnoll

Skill      XL: |  1  2  3 |
---------------+----------+-----
Fighting       | 1 2 |  2.6
Unarmed Combat | 4 |  4.6
Dodging        | |  1.5
Spellcasting   | |  1.2
Transmutations | |  1.3

Action                   |  1- 3 |  4- 6 || total
-------------------------+-------+-------++-------
Melee: Unarmed           |   168 |    48 ||   216
       Punch             |     2 |     1 ||     3
       Kick              |     2 |       ||     2
       Headbutt          |       |     1 ||     1
 Cast: Beastly Appendage |     4 |     1 ||     5
  Use: Scroll            |     6 |     2 ||     8
 Stab: Sleeping          |       |     1 ||     1
  Eat: Chunk             |    19 |     8 ||    27
Armor: Skin              |    15 |    12 ||    27
Dodge: Dodged            |    36 |    21 ||    57
